 Dungeon Crawl Stone Soup version 0.32-a0-471-gb91d5d9764 (webtiles) character file.

Game seed: 11623804954942060977

1076 Fay the Chopper (level 8, -1/70 HPs)
             Began as a Minotaur Berserker on Feb 23, 2024.
             Was a Believer of Trog.
             Slain by an ice beast (12 damage)
             ... on level 6 of the Dungeon on Feb 25, 2024.
             The game lasted 00:31:40 (4206 turns).

Fay the Chopper (Minotaur Berserker)                Turns: 4206, Time: 00:31:42

Health: -1/70      AC: 13    Str: 24    XL:     8   Next: 8%
Magic:  7/7        EV:  7    Int:  4    God:    Trog [**....]
Gold:   120        SH:  0    Dex:  8    Spells: 7/7 levels left

rFire   . . .        r - +0 flail
rCold   . . .        (no shield)
rNeg    . . .        q - +0 plate armour
rPois   +            (helmet restricted)
rElec   .            (no cloak)
rCorr   .            (no gloves)
SInv    .            (no boots)
Will    .....        (no amulet) Stlth
                     (no ring)
HPRegen 0.31/turn    (no ring)
MPRegen 0.10/turn

%: no passive effects
@: about to teleport, on berserk cooldown, slowed, very slow
A: horns 2, retaliatory headbutt, clumsy 1, poison resistance
a: Renounce Religion, Berserk, Trog's Hand


You were on level 6 of the Dungeon.
You worshipped Trog.
Trog was pleased with you.
You visited 1 branch of the dungeon, and saw 6 of its levels.

You collected 120 gold pieces.

Inventory:

Hand Weapons
 a - a +0 hand axe
 c - a +0 falchion
 d - a +0 dagger
 h - a +0 club
 r - a +0 flail (weapon)
Missiles
 e - 2 poisoned darts (quivered)
 g - 58 stones
Armour
 b - a +1 animal skin
 f - the +6 ring mail "Bomasot" {Harm Int+4 Slay+6}
   (You found it on level 6 of the Dungeon)

   Int+4:     It affects your intelligence (+4).
   Slay+6:    It affects your accuracy & damage with ranged weapons and melee
   (+6).
   Harm:      It increases damage dealt and taken.
 i - a +0 ring mail
 k - a +2 ring mail of cold resistance
 p - an orb of energy
 q - a +0 plate armour (worn)
Talismans
 j - a maw talisman
 n - a serpent talisman


   Skills:
 + Level 6.1 Fighting
 + Level 7.5 Axes
 + Level 0.7(4.7) Maces & Flails
 + Level 1.2 Throwing
 + Level 7.2 Armour
 + Level 3.3 Dodging
 + Level 0.4 Stealth


You had 7 spell levels left.
You didn't know any spells.
Your spell library was empty.

Dungeon Overview and Level Annotations

Branches:
Dungeon (6/15)             Temple (0/1) D:6

Altars:
Nemelex Xobeh
Okawaru
Trog
Zin

Shops:
D:3 [   D:4 [


Innate Abilities, Weirdness & Mutations

You have a pair of horns on your head.
You reflexively headbutt those who attack you in melee.
You are clumsy. (Dex -2)
Your system is resistant to poisons. (rPois)


Message History

You barely miss the gnoll.
The gnoll is almost dead.
You bludgeon the gnoll!!
You kill the gnoll!
Trog accepts your kill.
The gnoll bouda barks out a call to the hunt!
The gnoll picks up the pace!
The gnoll bouda barely misses you.
The ice beast hits you but does no damage.
You closely miss the gnoll bouda. Your headbutt misses the gnoll bouda.
You are no longer berserk.
You are exhausted.
You feel yourself slow down.
The gnoll bouda hits you but does no damage.
The ice beast barely misses you.
You barely miss the gnoll bouda. You headbutt the gnoll bouda!
The gnoll bouda is moderately wounded.
The ice beast completely misses you. You furiously retaliate!
You headbutt the ice beast!
The gnoll bouda hits you but does no damage.
The gnoll hits you but does no damage.
You closely miss the gnoll bouda. Your headbutt misses the gnoll bouda.
The gnoll bouda is moderately wounded.
The gnoll bouda barely misses you.
The ice beast hits you but does no damage.
The gnoll hits you but does no damage. The ice beast hits you.
The ice beast freezes you!
The gnoll bouda hits you but does no damage.
The gnoll barely misses you.
As you read the scroll of teleportation, it crumbles to dust.
You feel strangely unstable.
The gnoll bouda hits you with a +0 whip.
The ice beast hits you. The ice beast freezes you!
* * * LOW HITPOINT WARNING * * *
The gnoll closely misses you. The iguana bites you.
* * * LOW HITPOINT WARNING * * *
The ice beast hits you.
* * * LOW HITPOINT WARNING * * *
The ice beast freezes you!
You die...

*,*,,,,,,,,,,,,,,*
##.*......,,,,,,,,*
#####..*.*.....,,,,,,,*
#......#.#.....,,,,,,,*
#.................,,,,*
#..##...##........,,,,*
#..##...##........,,,,*
#......Yl.......,,,,,,*
#....$>@g......,,,,,,,*
##......g..#.##******,*
#.##..)##...# *,*
#.##...##.### *,*
#......)..# *,*
####.#....# *,*
#......## *,*
###.....### *,**
##'#....### *,,,


You could see an ice beast, a gnoll bouda, an iguana and a gnoll (swift).

Vanquished Creatures
  Pikel (D:6)
  An ogre (D:6)
  4 lemures (D:6)
  A phantom (D:6)
  2 hounds (D:6)
  2 bombardier beetles
  2 orc priests (D:3)
  A sleepcap (D:6)
  A jelly (D:4)
  2 iguanas
  5 gnolls
  4 adders
  A ribbon worm (D:3)
  A dart slug (D:4)
  10 orcs (D:3)
  3 ball pythons
  2 bats
  6 endoplasms
  5 giant cockroaches
  11 goblins
  2 hobgoblins
  2 jackals (D:3)
  4 quokkas
  7 kobolds
  4 rats
84 creatures vanquished.

Notes
Turn   | Place    | Note
-------+----------+-------------------------------------------
     0 | D:1      | Fay the Minotaur Berserker began the quest for the Orb.
     0 | D:1      | Reached XP level 1. HP: 19/19 MP: 0/0
   213 | D:1      | Reached XP level 2. HP: 27/27 MP: 1/1
   249 | D:1      | Upgraded the game from 0.32-a0-450-g080537f31e to
                  | 0.32-a0-468-g38b2580584
   332 | D:1      | Upgraded the game from 0.32-a0-468-g38b2580584 to
                  | 0.32-a0-471-gb91d5d9764
   821 | D:2      | Reached XP level 3. HP: 33/33 MP: 2/2
  1138 | D:2      | Reached ** piety under Trog
  1782 | D:2      | Reached XP level 4. HP: 25/41 MP: 3/3
  1968 | D:3      | Found Poreit's Antique Armour Emporium.
  2178 | D:3      | Found a glowing silver altar of Zin.
  2306 | D:3      | Found an iron altar of Okawaru.
  2313 | D:3      | Found a sparkling altar of Nemelex Xobeh.
  2424 | D:3      | Identified the +6 short sword of Ynuekk {pain, Int+5}
  2436 | D:3      | Reached XP level 5. HP: 47/47 MP: 4/4
  2466 | D:3      | Reached skill level 5 in Axes
  2474 | D:3      | Gained mutation: You are clumsy. (Dex -2) [potion of
                  | mutation]
  2474 | D:3      | Gained mutation: Your system is resistant to poisons.
                  | (rPois) [potion of mutation]
  2478 | D:3      | Reached skill level 5 in Fighting
  2903 | D:4      | Found Nezuh's Antique Armour Emporium.
  2993 | D:5      | Entered Level 5 of the Dungeon
  3013 | D:5      | Reached XP level 6. HP: 53/56 MP: 5/5
  3084 | D:6      | Reached skill level 1 in Throwing
  3090 | D:6      | Found a bloodstained altar of Trog.
  3237 | D:6      | Reached skill level 5 in Armour
  3248 | D:6      | Identified the +6 ring mail "Bomasot" {Harm Int+4 Slay+6}
  3290 | D:6      | Noticed Pikel
  3319 | D:6      | Killed Pikel
  3320 | D:6      | Reached XP level 7. HP: 14/62 MP: 6/6
  4136 | D:6      | Found a staircase to the Ecumenical Temple.
  4193 | D:6      | Reached XP level 8. HP: 53/70 MP: 7/7
  4206 | D:6      | Slain by an ice beast

Illustrated notes

Levels and vault maps discovered:
D:1:      erik_arrival_blinker_ship, layout_basic
D:2:      layout_loops_corners
D:3:      layout_loops_corners, zin_treasury, okawaru_gym_becter,
          mainiacjoe_overflow_alcove_1, serial_shops, shop,
          shapermc_ecumenical_altar_acropolis
D:4:      layout_cave_pools, serial_shops, nicolae_shop_window_shopping, shop,
          nicolae_shop_tiny_glass, nicolae_specific_store
D:5:      layout_basic, uniq_ijyb
D:6:      layout_basic, trog_hazing_becter, minmay_temple_entry_stoned_glass,
          uniq_pikel

Skill      XL: |  1  2  3  4  5  6  7 |
---------------+----------------------+-----
Axes           | 4 5 7 |  7.5
Fighting       | 4 5 6 |  6.1
Armour         | 3 4 6 7 |  7.2
Dodging        | 3 |  3.3
Throwing       | 1 |  1.2
Maces & Flails | |  0.7
Stealth        | |  0.4

Action                     |  1- 3 |  4- 6 |  7- 9 || total
---------------------------+-------+-------+-------++-------
  Melee: Hand axe          |    77 |   125 |     2 ||   204
         Headbutt          |    15 |    21 |     5 ||    41
         Flail             |       |       |    28 ||    28
  Throw: Dart              |     2 |     5 |       ||     7
 Invoke: Berserk           |       |     1 |     1 ||     2
         Trog's Hand       |       |     1 |       ||     1
    Use: Potion            |     1 |     5 |       ||     6
         Scroll            |     2 |       |     6 ||     8
 Armour: Animal skin       |    21 |       |       ||    21
         Ring mail         |    16 |       |       ||    16
         Plate armour      |     6 |   164 |    36 ||   206
  Dodge: Dodged            |    58 |    54 |    24 ||   136
         Form:             |       |       |     1 ||     1
         Maw               |       |       |     1 ||     1

Table legend: (Time is in decaauts)
 A = Elapsed time spent in this place.
 B = Non-inter-level travel time spent in this place.
 C = Inter-level travel time spent in this place.
 D = Time resting spent in this place.
 E = Time spent auto-exploring this place.
 F = Levels seen in this place.
 G = Mean time per level.
                   A        B        C        D        E       F      G
               +--------+--------+--------+--------+--------+-----+--------+
         Total |   4202 |   4202 |      0 |    609 |   1173 |   6 |  700.3 |
       Dungeon |   4202 |   4202 |      0 |    609 |   1173 |   6 |  700.3 |
               +--------+--------+--------+--------+--------+-----+--------+

Top non-repeatable levels by time:
     D:2: 1194 daAuts
     D:6: 1127 daAuts
     D:3: 948 daAuts
     D:1: 741 daAuts
     D:4: 119 daAuts
     D:5: 71 daAuts
